 Dungeon Crawl Stone Soup version 0.31-a0-222-gefeffbb62a (webtiles) character file.

Game seed: 9922196814771566184

26 coffeetime the Shooter (level 2, -1/25 HPs)
             Began as a Minotaur Hunter on July 5, 2023.
             Slain by an adder (3 damage)
             ... on level 2 of the Dungeon.
             The game lasted 00:01:53 (951 turns).

coffeetime the Shooter (Minotaur Hunter)             Turns: 951, Time: 00:01:54

Health: -1/25      AC:  6    Str: 15    XL:     2   Next: 89%
Magic:  1/1        EV:  9    Int:  6    God:
Gold:   72         SH:  0    Dex: 13    Spells: 1/1 levels left

rFire   . . .        a - +0 shortbow
rCold   . . .        (shield currently unavailable)
rNeg    . . .        d - +0 scale mail
rPois   .            (helmet restricted)
rElec   .            (no cloak)
rCorr   .            (no gloves)
SInv    .            (no boots)
Will    .....        (no amulet) Stlth
                     (no ring)
HPRegen 0.24/turn    (no ring)
MPRegen 0.07/turn

%: no passive effects
@: lethally poisoned (-1 -> -3)
A: horns 2, retaliatory headbutt
a: no special abilities


You were on level 2 of the Dungeon.
You visited 1 branch of the dungeon, and saw 2 of its levels.

You collected 72 gold pieces.

Inventory:

Hand Weapons
 a - a +0 shortbow (weapon)
Armour
 c - a +0 leather armour
 d - a +0 scale mail (worn)
Scrolls
 b - a scroll of butterflies
 e - a scroll of teleportation {unknown}
 f - 2 scrolls of immolation {unknown}
 g - 2 scrolls of enchant weapon {unknown}
 h - a scroll of noise {unknown}
 i - a scroll of identify {unknown}
 m - a scroll of fog {unknown}
Potions
 j - a potion of resistance {unknown}
 k - a potion of heal wounds {unknown}
 l - a potion of might {unknown}


   Skills:
 + Level 2.7 Fighting
 + Level 5.3 Ranged Weapons
 + Level 0.2 Armour
 + Level 2.2 Dodging
 + Level 0.7 Stealth


You had one spell level left.
You didn't know any spells.
Your spell library was empty.

Dungeon Overview and Level Annotations

Branches:
Dungeon (2/15)

Altars:

Shops:
D:1 ![:(

Annotations:
D:1 2 transporters


Innate Abilities, Weirdness & Mutations

You have a pair of horns on your head.
You reflexively headbutt those who attack you in melee.


Message History

You kill the giant cockroach!
The adder bites you.
You shoot an arrow. The arrow completely misses the adder.
The arrow hits the bat.
The bat is severely wounded.
The adder bites you but does no damage. x2
You shoot an arrow. The arrow closely misses the adder.
The arrow hits the bat but does no damage.
The bat is severely wounded.
The adder bites you.
You are poisoned.
The adder poisons you! The adder bites you but does no damage.
You shoot an arrow. The arrow barely misses the adder.
The arrow hits the bat.
You kill the bat!
You feel sick. The adder bites you.
You are more poisoned.
The adder poisons you! The adder bites you but does no damage.
You shoot an arrow. The arrow barely misses the adder.
You feel sick. The adder bites you. x2
You shoot an arrow. The arrow misses the adder.
You feel sick. The adder closely misses you.
You are too injured to fight recklessly!
You are too injured to fight recklessly!
You shoot an arrow.
The arrow hits the adder but does no damage.
You feel sick. The adder bites you. x2
* * * LOW HITPOINT WARNING * * *
You are lethally poisoned!
The adder poisons you!
You shoot an arrow. The arrow hits the adder.
The adder is moderately wounded.
* * * LOW HITPOINT WARNING * * *
You feel sick. The adder barely misses you. The adder closely misses you.
You shoot an arrow. The arrow completely misses the adder.
* * * LOW HITPOINT WARNING * * *
You feel sick. The adder bites you but does no damage.
You shoot an arrow. The arrow completely misses the adder.
* * * LOW HITPOINT WARNING * * *
You feel sick. The adder closely misses you. The adder bites you.
You die...

#######
.....
######..#
.......@#
.####.#S#
.. .†#
#.. .#.#
#. ###..
# ... ...
#...


You could see an adder.

Vanquished Creatures
  A giant cockroach (D:2)
  2 goblins (D:1)
  A hobgoblin (D:1)
  4 jackals
  7 ball pythons (D:1)
  4 bats
  2 frilled lizards (D:1)
  3 kobolds (D:1)
  2 rats (D:1)
26 creatures vanquished.

Notes
Turn   | Place    | Note
-------+----------+-------------------------------------------
     0 | D:1      | coffeetime the Minotaur Hunter began the quest for the Orb.
     0 | D:1      | Reached XP level 1. HP: 18/18 MP: 0/0
    32 | D:1      | Found a transporter.
    34 | D:1      | Found Likkelo's Armour Shop.
    46 | D:1      | Found Olamm's Book Shop.
    54 | D:1      | Found Uviwutoama's Weapon Shop.
   225 | D:1      | Reached XP level 2. HP: 23/25 MP: 1/1
   272 | D:1      | Reached skill level 5 in Ranged Weapons
   412 | D:1      | Found a transporter.
   497 | D:1      | Found Azud's Distillery.
   951 | D:2      | Slain by an adder

Illustrated notes

Levels and vault maps discovered:
D:1:      mushboom_english_gardens, layout_loops_ring, serial_shops,
          nicolae_shop_drivethru, shop, shop, nicolae_lakefront_shop
D:2:      layout_basic, shapermc_ecumenical_altar_notcrosses, basic_altar,
          st_stairs_1

Skill      XL: |  1  2 |
---------------+-------+-----
Ranged Weapons | 5 |  5.3
Fighting       | |  2.7
Armour         | |  0.2
Dodging        | |  2.2
Stealth        | |  0.7

Action                     || total
---------------------------++-------
   Fire: Shortbow          ||    80
 Armour: Scale mail        ||    30
  Dodge: Dodged            ||    27

Table legend: (Time is in decaauts)
 A = Elapsed time spent in this place.
 B = Non-inter-level travel time spent in this place.
 C = Inter-level travel time spent in this place.
 D = Time resting spent in this place.
 E = Time spent auto-exploring this place.
 F = Levels seen in this place.
 G = Mean time per level.
                   A        B        C        D        E       F      G
               +--------+--------+--------+--------+--------+-----+--------+
         Total |    980 |    947 |     33 |     36 |    747 |   2 |  490.0 |
       Dungeon |    980 |    947 |     33 |     36 |    747 |   2 |  490.0 |
               +--------+--------+--------+--------+--------+-----+--------+

Top non-repeatable levels by time:
     D:1: 954 daAuts
     D:2: 26 daAuts
